 Dungeon Crawl Stone Soup version 0.25-a0-447-gff83419037 (webtiles) character file.

Game seed: 9903881051791129300, levelgen mode: deterministic

36 Erk the Sneak (level 3, 0/21 HPs)
             Began as an Octopode Wizard on Jan 31, 2020.
             Succumbed to an adder's poison
             ... on level 2 of the Dungeon.
             The game lasted 00:04:04 (638 turns).

Erk the Sneak (Octopode Wizard)                      Turns: 638, Time: 00:04:04

Health: 0/21       AC:  1    Str:  3 (6)  XL:     3   Next: 37%
Magic:  5/7        EV: 13    Int: 22 (25) God:
Gold:   85         SH:  0    Dex:  8 (11) Spells: 3/8 levels left

rFire    . . .     SeeInvis .   h - +0 dagger
rCold    . . .     Gourm    .   (no shield)
rNeg     . . .     Faith    .   a - +0 hat
rPois    .         Spirit   .   (no amulet)
rElec    .         Reflect  .   (no ring)
rCorr    .         Harm     .   (no ring)
MR       .....                  (no ring)
Stlth    +++.......             (no ring)
HPRegen  0.07/turn              (no ring)
MPRegen  0.10/turn              (no ring)
                                (no ring)
                                (no ring)

@: brilliant, lethally poisoned (0 -> -6), very slightly contaminated
A: almost no armour, stealthy swim, amphibious, 8 rings, constrict 8, camouflage
1, gelatinous body 1
a: no special abilities


You were on level 2 of the Dungeon.
You were not hungry.

You visited 1 branch of the dungeon, and saw 2 of its levels.

You collected 85 gold pieces.

Inventory:

Hand Weapons
 b - a +0 club
 h - a +0 dagger (weapon)
Missiles
 i - 10 poisoned darts (quivered)
 j - 8 boomerangs
 k - 2 javelins
Armour
 a - a +0 hat (worn)
Scrolls
 d - 2 scrolls of identify {unknown}
 e - a scroll of teleportation {unknown}
 l - a scroll of fear {unknown}
Potions
 f - a potion of brilliance
 g - a potion of degeneration
Comestibles
 c - 3 rations


   Skills:
 - Level 2.0 Dodging
 + Level 4.0 Stealth
 - Level 3.0 Spellcasting
 - Level 2.0 Conjurations
   Level 1.0 Summonings
 + Level 1.7 Translocations


You had 3 spell levels left.
You knew the following spells:

 Your Spells              Type           Power        Failure   Level  Hunger
a - Magic Dart            Conj           ####         1%          1    None
b - Blink                 Tloc           N/A          1%          2    ##.....
c - Slow                  Hex            ###.....     2%          2    ##.....

Your spell library contained the following spells:

 Spells                   Type           Power        Failure   Level  Hunger
 Call Imp                 Summ           ###.....     1%          2    ##.....
 Conjure Flame            Conj/Fire      ###.....     3%          3    ###....
 Mephitic Cloud           Conj/Pois/Air  ###.....     3%          3    ###....


Dungeon Overview and Level Annotations

Branches:
Dungeon (2/15)

Altars:


Innate Abilities, Weirdness & Mutations

You cannot wear most types of armour.
You are very stealthy in the water. (Stealth+)
You are amphibious.
You can wear up to eight rings at the same time.
You can use your tentacles to constrict eight enemies at once.
Your skin changes colour to match your surroundings (Stealth+).
Your rubbery body absorbs attacks. (AC +1, EV +1)


Message History

It was a potion of degeneration.
There was something very wrong with that liquid.
You feel weakened.
You feel dopey.
You feel clumsy.
* * * LOW HITPOINT WARNING * * *
You feel sick.
You are brilliant.
You are lethally poisoned (4 -> -5).
You are very lightly contaminated with residual magic.
You have 6 tentacles available for constriction.
Your movement speed is average.
Your attack speed is average.
Your base attributes are Str 6, Int 20, Dex 11.
Unknown command.
There is a lethal amount of poison in your body!
* * * LOW HITPOINT WARNING * * *
You feel sick.
* * * LOW HITPOINT WARNING * * *
You feel sick.
A rat comes into view.
* * * LOW HITPOINT WARNING * * *
You feel sick.
The rat moves out of view.
You die...

#
..###.##################
...r...@................
..##...####.....###.....
#... ###.....# #.....
#... #.......###..... ##
#... #....##.)....... .#
#^.. #....#######.... .#
##+# #....†.....#.... .#
#### ##########.####' <#
... ##...


You could see a rat (wandering).

Vanquished Creatures
  2 adders (D:2)
  A worm (D:2)
  3 ball pythons
  A giant cockroach (D:2)
  3 kobolds
  A quokka (D:2)
  A bat (D:1)
  A frilled lizard (D:1)
  A goblin (D:1)
  3 rats
17 creatures vanquished.

Notes
Turn   | Place    | Note
-------+----------+-------------------------------------------
     0 | D:1      | Erk the Octopode Wizard began the quest for the Orb.
     0 | D:1      | Reached XP level 1. HP: 11/11 MP: 4/4
   105 | D:1      | Reached skill level 3 in Stealth
   218 | D:1      | Reached XP level 2. HP: 13/17 MP: 3/6
   414 | D:2      | Learned a level 2 spell: Blink
   417 | D:2      | Learned a level 2 spell: Slow
   573 | D:2      | Reached XP level 3. HP: 11/21 MP: 7/7
   626 | D:2      | Reached skill level 4 in Stealth
   635 | D:2      | HP: 1/21 [poisoned by an adder]
   638 | D:2      | Succumbed to an adder's poison

Levels and vault maps discovered:
D:1:      evilmike_arrival_fibonacci_small, layout_basic
D:2:      layout_basic

Skill      XL: |  1  2  3 |
---------------+----------+-----
Stealth        | 3 4 |  4.0
Conjurations   | 2 |  2.0
Dodging        | |  2.0
Spellcasting   | |  3.0
Summonings     | |  1.0
Translocations | |  1.7

Action                   || total
-------------------------++-------
Melee: Club              ||    13
       Constrict         ||     7
       Tentacles         ||     2
       Dagger            ||    22
 Cast: Magic Dart        ||     8
  Use: Potion            ||     2
 Stab: Sleeping          ||     8
Armor: Skin              ||     2
Dodge: Dodged            ||    22

Table legend:
 A = Non-vault XP
 B = Vault XP
 C = Vault XP percentage of total XP
 D = Non-vault monster count
 E = Vault monster count
 F = Vault count percentage of total count
                 A         B        C        D         E       F
            +---------+---------+-------+---------+---------+-------
      Total |      52 |       0 |   0.0 |      17 |       0 |   0.0
            +---------+---------+-------+---------+---------+-------
        D:1 |      11 |       0 |   0.0 |       9 |       0 |   0.0
        D:2 |      41 |       0 |   0.0 |       8 |       0 |   0.0
            +---------+---------+-------+---------+---------+-------
